 Dungeon Crawl Stone Soup version 0.18-a0-1683-gf9322e6 (webtiles) character file.

2053 Chiseanne the Skirmisher (level 9, -1/72 HPs)
             Began as a Demonspawn Wanderer on Apr 3, 2016.
             Was an Elder of Makhleb.
             Slain by a killer bee (5 damage)
             ... on level 8 of the Dungeon.
             The game lasted 00:29:43 (6927 turns).

Chiseanne the Skirmisher (Demonspawn Wanderer)      Turns: 6927, Time: 00:29:43

Health: -1/72      AC:  6    Str: 15    XL:     9   Next: 4%
Magic:  16/16      EV: 14    Int: 14    God:    Makhleb [****..]
Gold:   212        SH:  5    Dex: 13    Spells: 1 memorised, 15 levels left

rFire  . . .     SeeInvis .     s - +1 mace (crush)
rCold  + + .     Gourm    .     F - +2 robe {rC+}
rNeg   + . .     Faith    .     t - +0 buckler
rPois  .         Spirit   .     q - +0 helmet
rElec  .         Dismiss  .     D - +0 cloak
rCorr  .         Reflect  .     (no gloves)
SustAt .         Harm     .     (no boots)
MR     .....                    (no amulet)
Stlth  +.........               L - ring of protection from cold
                                H - ring of positive energy

@: lethally poisoned (-1 -> -8), very slightly contaminated, invisible, not
resistant to hostile enchantments, very unstealthy
A: talons 1, powered by death 2, rot immunity
a: Minor Destruction, Lesser Servant of Makhleb, Major Destruction, Renounce
Religion


You were on level 8 of the Dungeon.
You worshipped Makhleb.
Makhleb was greatly pleased with you.
You were hungry.

You visited 1 branch of the dungeon, and saw 8 of its levels.
You also visited: Sewer.

You collected 402 gold pieces.
You spent 190 gold pieces at shops.

Inventory:

Hand Weapons
 a - a +4 flail
 s - a +1 mace of crushing (weapon)
Missiles
 b - 5 sling bullets of flame
 d - 44 sling bullets
 h - 175 arrows
 l - 32 bolts
 n - 41 poisoned needles
 K - 24 arrows of frost
 M - 5 tomahawks (quivered)
 O - 5 javelins
Armour
 g - the +2 helmet "Owumyfyw" {rF- Str+6}
   (You found it on level 5 of the Dungeon)

   It affects your strength (+6).
   It makes you vulnerable to fire.
 q - a +0 helmet (worn)
 t - a +0 buckler (worn)
 D - a +0 cloak (worn)
 F - a +2 robe of cold resistance (worn)
Jewellery
 k - an uncursed ring of magical power
 H - a ring of positive energy (left hand)
 L - a ring of protection from cold (right hand)
Wands
 v - a wand of teleportation (4/9)
Scrolls
 m - a scroll of recharging
 o - 3 scrolls of enchant weapon
 w - 2 scrolls of enchant armour
 x - a scroll of fog
 y - 2 scrolls of magic mapping
 E - 2 scrolls of remove curse
 G - 2 scrolls of blinking
Potions
 A - 2 potions of brilliance
 J - a potion of ambrosia {unknown}
Books
 c - the Collected Works on Conjuration

   Spells                             Type                      Level
   a - Searing Ray                    Conjuration                  2
   b - Throw Flame                    Conjuration/Fire             2
 C - a Grand Grimoire

   Spells                             Type                      Level
   a - Monstrous Menagerie            Summoning                    7
   b - Summon Greater Demon           Summoning                    7
   c - Malign Gateway                 Summoning/Translocation      7
   d - Summon Horrible Things         Summoning                    8
 I - a book of the Earth

   Spells                             Type                      Level
   a - Leda's Liquefaction            Hexes/Earth                  4
   b - Bolt of Magma                  Conjuration/Fire/Earth       5
   c - Statue Form                    Transmutation/Earth          6
   d - Iron Shot                      Conjuration/Earth            6
   e - Shatter                        Earth                        9
Comestibles
 f - 6 bread rations
 i - 2 slices of pizza
 j - 3 meat rations
 N - 5 fruits


   Skills:
 * Level 7.0 Fighting
   Level 1.7 Short Blades
 - Level 3.2 Armour
 * Level 5.4 Dodging
 * Level 4.1 Shields
 * Level 4.7 Spellcasting
 - Level 2.0 Conjurations
 - Level 1.0 Evocations


You had 15 spell levels left.
You knew the following spells:

 Your Spells              Type           Power        Failure   Level  Hunger
a - Searing Ray           Conj           #.....       14%         2    ##.....


Dungeon Overview and Level Annotations

Branches:
Dungeon (8/15)             Temple (0/1) D:6
   Lair: D:8-11

Altars:
Gozag
Makhleb
Okawaru
Ru
Vehumet
Xom
Yredelemnul
The Shining One

Shops:
D:5 ?

Annotations:
D:4 Edmund
D:6 Gorice's ghost, novice DsMo


Innate Abilities, Weirdness & Mutations

You have sharp toenails.
You regenerate health from kills.
You are immune to rotting.


Message History

The killer bee poisons you! The killer bee stings you!
* * * LOW HITPOINT WARNING * * *
You are lethally poisoned!
The killer bee poisons you! The killer bee closely misses you.
You closely miss the killer bee. You claw the killer bee.
The killer bee is severely wounded.
* * * LOW HITPOINT WARNING * * *
You feel sick. The killer bee barely misses you.
You block the killer bee's attack. The killer bee stings you.
* * * LOW HITPOINT WARNING * * *
You miss the killer bee. You claw the killer bee.
The killer bee is severely wounded.
* * * LOW HITPOINT WARNING * * *
You feel sick. The killer bee barely misses you. The killer bee misses you.
The killer bee barely misses you.
You barely miss the killer bee.
The killer bee is severely wounded.
* * * LOW HITPOINT WARNING * * *
You feel sick. You block the killer bee's attack. The killer bee stings you.
You die...

#.....#.# .#
#...[.#.####### .#
#.<............ ..
##.......####### .#
#...y..#.### .##
#.####.....######...
#..# ###.#..†...[y..
##y## #.#######....
#.@# #.. #.#.. ##..#
...# ... # ##......#
y.?.# #...... ...#.#
......


yy.. .O #..##...... .. .## #..... ### .# You could see a killer bee.

Vanquished Creatures
  Sigmund (D:2)
  An ice beast (D:6)
  A sky beast (D:7)
  An ogre (D:8)
  A necrophage (D:8)
  3 centaurs
  A giant frog (D:8)
  6 killer bees
  A scorpion (D:5)
  3 crimson imps
  A quasit (D:6)
  2 jellies (D:5)
  An orc priest (D:3)
  2 hounds
  2 giant frog skeletons
  4 orc wizards
  5 worker ants
  Robin (D:2)
  12 gnolls
  6 adders
  A shadow imp (D:5)
  An ooze (D:4)
  An adder skeleton (D:8)
  3 worms
  3 dart slugs
  7 giant geckos
  15 orcs
  6 bats
  11 giant cockroaches
  20 goblins
  11 hobgoblins
  8 jackals
  9 kobolds
  4 quokkas
  2 ball pythons
  2 giant gecko zombies (D:5)
  7 giant newts
  3 jackal skeletons
  2 quokka skeletons
  10 rats
181 creatures vanquished.

Vanquished Creatures (collateral kills)
  A gnoll (D:5)
  A bat (D:2)
2 creatures vanquished.

Vanquished Creatures (others)
  A sheep (D:5)
1 creature vanquished.

Grand Total: 184 creatures vanquished

Notes
Turn   | Place    | Note
--------------------------------------------------------------
     0 | D:1      | Chiseanne the Demonspawn Wanderer began the quest for the Orb.
     0 | D:1      | Chiseanne set off with: a +2 short sword, a potion of lignification, the Collected Works on Conjuration, a +0 robe, a bread ration
     0 | D:1      | Reached XP level 1. HP: 18/18 MP: 2/2
   272 | D:1      | Gained mutation: You regenerate a little health from kills. [demonic ancestry]
   272 | D:1      | Reached XP level 2. HP: 24/24 MP: 3/3
   538 | D:1      | Reached skill level 1 in Dodging
   812 | D:2      | Gained mutation: You have sharp toenails. [demonic ancestry]
   812 | D:2      | Reached XP level 3. HP: 29/29 MP: 4/4
   912 | D:2      | Reached skill level 1 in Armour
   932 | D:2      | Reached XP level 4. HP: 20/37 MP: 6/6
  1031 | D:2      | Found a faded altar to an unknown god.
  1149 | D:2      | Found a shimmering altar of Xom.
  1172 | D:2      | Noticed Robin
  1194 | D:2      | Reached skill level 4 in Fighting
  1214 | D:2      | Killed Robin
  1313 | D:2      | Found a burning altar of Makhleb.
  1313 | D:2      | Noticed an Executioner
  1317 | D:2      | Noticed a ynoxinul
  1317 | D:2      | Noticed a neqoxec
  1319 | D:2      | Became a worshipper of Makhleb the Destroyer
  1426 | D:2      | Reached XP level 5. HP: 39/42 MP: 7/7
  1434 | D:2      | Noticed Sigmund
  1682 | D:2      | Killed Sigmund
  1682 | D:2      | Gained mutation: You regenerate health from kills. [demonic ancestry]
  1682 | D:2      | Reached XP level 6. HP: 18/49 MP: 9/9
  2384 | D:3      | Reached * piety under Makhleb
  2417 | D:3      | Found a glowing drain.
  2425 | Sewer    | Entered a sewer
  2516 | Sewer    | Noticed Purgy
  2526 | Sewer    | Noticed Purgy
  2526 | Sewer    | Purgy changed into Purgy the ice beast
  2577 | D:3      | Found a glowing golden altar of the Shining One.
  2638 | D:3      | Found an opulent altar of Gozag.
  2966 | D:4      | Identified the Collected Works on Conjuration
  2975 | D:4      | Learned a level 2 spell: Searing Ray
  3049 | D:4      | Noticed Edmund
  3247 | D:5      | Entered Level 5 of the Dungeon
  3262 | D:5      | Reached skill level 5 in Fighting
  3278 | D:5      | Reached ** piety under Makhleb
  3278 | D:5      | Reached XP level 7. HP: 56/56 MP: 9/10
  3512 | D:5      | Got a heavily runed helmet
  3763 | D:5      | Found Codel's Magic Scroll Shoppe.
  3770 | D:5      | Bought a scroll of remove curse for 30 gold pieces
  3770 | D:5      | Bought a scroll of noise for 10 gold pieces
  3770 | D:5      | Bought a scroll of blinking for 75 gold pieces
  3770 | D:5      | Bought a scroll of enchant armour for 75 gold pieces
  3783 | D:5      | Identified the +2 helmet "Owumyfyw" {rF- Str+6} (You found it on level 5 of the Dungeon)
  4393 | D:6      | Found a staircase to the Ecumenical Temple.
  4620 | D:6      | Found an iron altar of Okawaru.
  4724 | D:6      | Reached *** piety under Makhleb
  4741 | D:6      | Gained mutation: You are immune to rotting. [demonic ancestry]
  4741 | D:6      | Reached XP level 8. HP: 52/64 MP: 7/13
  4760 | D:6      | Noticed Gorice's ghost (novice DsMo)
  4842 | D:6      | Found a sacrificial altar of Ru.
  4855 | D:6      | Reached skill level 6 in Fighting
  5640 | D:7      | Found a radiant altar of Vehumet.
  5743 | D:7      | Found a basalt altar of Yredelemnul.
  6217 | D:8      | Reached skill level 5 in Dodging
  6254 | D:8      | Reached **** piety under Makhleb
  6530 | D:7      | Reached XP level 9. HP: 48/71 MP: 14/16
  6898 | D:8      | Reached skill level 7 in Fighting
  6927 | D:8      | Slain by a killer bee

Vault maps used:
D:1:      dpeg_chamrin_arrival_tetris, serial_park_tiny_pond, minivault_27
D:2:      xom_butterflies, makhleb_altar_promises_db, ecumenical_altar_1,
          minmay_close_crescents, uniq_sigmund, uniq_robin
D:3:      nicolae_tso_swordbearing_angel, grunt_gozag_breadcrumbs,
          portal_sewer_entry_f, grunt_decor_arrowhead, st_stairs_1
D:4:      uniq_edmund
D:5:      first_bread, serial_shops, shop
D:6:      nicolae_ru_great_annihilating_truth, okawaru_altar_gauntlet_db,
          temple_green
D:7:      nicolae_overflow_crystal_walls, basic_altar
D:8:      grunt_livestock
Sewer:    sewer_co_purgy_island

Skill      XL: |  1  2  3  4  5  6  7  8  9 |
---------------+----------------------------+-----
Dodging        | 1 2 3 4 5 |  5.4
Armour         | 1 2 3 |  3.2
Fighting       | 4 5 6 7 |  7.0
Spellcasting   | 2 3 4 |  4.7
Shields        | 2 4 |  4.1
Short Blades   | |  1.7
Conjurations   | |  2.0
Evocations     | |  1.0

Action                   |  1- 3 |  4- 6 |  7- 9 || total
-------------------------+-------+-------+-------++-------
Melee: Short sword       |   102 |   254 |   202 ||   558
       Flail             |       |       |    77 ||    77
       Mace              |       |       |   117 ||   117
Throw: Throwing net      |       |       |     1 ||     1
 Cast: Searing Ray       |       |     4 |    18 ||    22
Evoke: Wand              |       |     8 |     9 ||    17
  Use: Scroll            |     3 |     4 |     8 ||    15
       Potion            |       |       |     7 ||     7
 Stab: Invisible         |       |       |     2 ||     2
       Paralysed         |       |       |     1 ||     1
  Eat: Chunk             |       |     8 |    13 ||    21
